TOP OF THE 1ST |
Mobile BayBears batting - Pitching for Harrisburg Senators : RHP Todd Carbaugh
|
Pitching: RHP Todd Carbaugh
|
|
Batting: RHB Edgar Garcia
|
0-0: Foul Ball, location: 2F 0-1: SINGLE (Line Drive, 56D, EV 99.4 MPH)
|
Batting: LHB Bob Myers
|
0-0: Ball 1-0: Foul Ball, location: 2F 1-1: Ball 2-1: Ball 3-1: Foul Ball, location: 2F 3-2: Ground out 4-3 (Groundball, 4, EV 80.0 MPH) Edgar Garcia to second
|
Batting: RHB Dustin Clark
|
0-0: Swinging Strike 0-1: Foul Ball, location: 2F 0-2: Ball 1-2: Foul Ball, location: 2F 1-2: Strikes out swinging
|
Batting: LHB T.J. Duvall
|
0-0: DOUBLE (Line Drive, 78M, EV 98.8 MPH) Edgar Garcia scores
|
Batting: RHB Blake Beale
|
0-0: Ball 1-0: Called Strike 1-1: Called Strike 1-2: Ball 2-2: Foul Ball, location: 2F 2-2: SINGLE (Line Drive, 7LM, EV 100.0 MPH) T.J. Duvall to third Runner from 3rd tries for Home, SAFE, throw by LF to home
|
Batting: RHB Carlos Ballesteros
|
0-0: Ball Wild Pitch! Blake Beale to second 1-0: SINGLE (Groundball, 6, EV 95.0 MPH) Blake Beale to third Runner from 3rd tries for Home, SAFE, throw by CF to home
|
Batting: RHB Franklin Villanueva
|
0-0: Ball 1-0: SINGLE (Flyball, 56D, EV 85.0 MPH) Carlos Ballesteros to second
|
Batting: RHB Andy Cunningham
|
0-0: Ball 1-0: Fielders Choice at 2nd, 6-4 (Groundball, 6, EV 91.9 MPH)
|
Top of the 1st over - 3 runs, 5 hits, 0 errors, 2 left on base; Mobile 3 - Harrisburg 0 |
BOTTOM OF THE 1ST |
Harrisburg Senators batting - Pitching for Mobile BayBears : RHP Reynaldo Edwards
|
Pitching: RHP Reynaldo Edwards
|
|
Batting: SHB Dan Castaneda
|
0-0: Called Strike 0-1: Ground out U3 (Groundball, 34, EV 85.0 MPH)
|
Batting: RHB Pat Drader
|
0-0: Ball 1-0: Called Strike 1-1: Ball 2-1: Foul Ball, location: 2F 2-2: Strikes out looking
|
Batting: RHB Antonio Laurel
|
0-0: Fly out, F7 (Line Drive, 7D, EV 98.8 MPH)
|
Bottom of the 1st over - 0 runs, 0 hits, 0 errors, 0 left on base; Mobile 3 - Harrisburg 0 |
TOP OF THE 2ND |
Mobile BayBears batting - Pitching for Harrisburg Senators : RHP Todd Carbaugh
|
Batting: RHB Yasuo Nakata
|
0-0: Reached on error, E4 (Groundball, 4, EV 79.4 MPH)
|
Batting: RHB Edgar Garcia
|
0-0: Reached on error, E4 (Groundball, 4, EV 80.0 MPH) Yasuo Nakata to third
|
Batting: LHB Bob Myers
|
0-0: Called Strike Edgar Garcia is caught stealing 2nd base 2-6 0-1: Called Strike 0-2: Ball 1-2: Ground out U3 (Groundball, 3, EV 104.4 MPH)
|
Batting: RHB Dustin Clark
|
0-0: Ball 1-0: DOUBLE (Line Drive, 7LM, EV 100.6 MPH) Yasuo Nakata scores
|
Batting: LHB T.J. Duvall
|
0-0: Ball Passed Ball! Dustin Clark to third 1-0: Ball 2-0: Ball 3-0: Base on Balls
|
Batting: RHB Blake Beale
|
0-0: Ball 1-0: Fielders Choice at 2nd, 6-4 (Groundball, 6, EV 80.0 MPH)
|
Top of the 2nd over - 1 run, 1 hit, 2 errors, 2 left on base; Mobile 4 - Harrisburg 0 |
BOTTOM OF THE 2ND |
Harrisburg Senators batting - Pitching for Mobile BayBears : RHP Reynaldo Edwards
|
Batting: RHB Donovan Auclair
|
0-0: Fly out, F7 (Flyball, 7LM, EV 91.9 MPH)
|
Batting: LHB Evan Oliveri
|
0-0: Called Strike 0-1: Ball 1-1: Swinging Strike 1-2: Strikes out swinging
|
Batting: RHB Nick Moreno
|
0-0: Reaches on Catchers interference
|
Batting: RHB Bryan Wheeler
|
0-0: Fly out, F9 (Line Drive, 9S, EV 89.4 MPH)
|
Bottom of the 2nd over - 0 runs, 0 hits, 1 error, 1 left on base; Mobile 4 - Harrisburg 0 |
TOP OF THE 3RD |
Mobile BayBears batting - Pitching for Harrisburg Senators : RHP Todd Carbaugh
|
Batting: RHB Carlos Ballesteros
|
0-0: Called Strike 0-1: Ball 1-1: Ball 2-1: Ball 3-1: Base on Balls
|
Batting: RHB Franklin Villanueva
|
0-0: Ball 1-0: Ball 2-0: Fielders Choice at 2nd, 2-4 (Groundball, 15S, EV 61.2 MPH)
|
Batting: RHB Andy Cunningham
|
0-0: Fly out, F9 (Flyball, 9S, EV 89.4 MPH)
|
Batting: RHB Yasuo Nakata
|
0-0: Called Strike 0-1: Ball 1-1: Fly out, F3 (Popup, 3SF, EV 84.4 MPH)
|
Top of the 3rd over - 0 runs, 0 hits, 0 errors, 1 left on base; Mobile 4 - Harrisburg 0 |
BOTTOM OF THE 3RD |
Harrisburg Senators batting - Pitching for Mobile BayBears : RHP Reynaldo Edwards
|
Batting: LHB Nate Melendez
|
0-0: Ground out U3 (Groundball, 34, EV 104.4 MPH)
|
Batting: RHB Naofumi Ishida
|
0-0: Called Strike 0-1: Ball 1-1: Foul Ball, location: 2F 1-2: Foul Ball, location: 2F 1-2: Ball 2-2: Foul Ball, location: 2F 2-2: Strikes out swinging
|
Batting: SHB Dan Castaneda
|
0-0: Ball 1-0: Called Strike 1-1: Foul Ball, location: 2F 1-2: Foul Ball, location: 2F 1-2: Ball 2-2: Strikes out looking
|
Bottom of the 3rd over - 0 runs, 0 hits, 0 errors, 0 left on base; Mobile 4 - Harrisburg 0 |
TOP OF THE 4TH |
Mobile BayBears batting - Pitching for Harrisburg Senators : RHP Todd Carbaugh
|
Batting: RHB Edgar Garcia
|
0-0: Ball 1-0: TRIPLE (Flyball, 7D, EV 100.6 MPH)
|
Batting: LHB Bob Myers
|
0-0: Ball 1-0: Ball 2-0: Swinging Strike 2-1: Ball 3-1: Called Strike 3-2: Strikes out swinging
|
Batting: RHB Dustin Clark
|
0-0: Ball 1-0: Fly out, F7 (Flyball, 7D, EV 105.6 MPH) Runner from 3rd tags up, SCORES, no throw by LF
|
Batting: LHB T.J. Duvall
|
0-0: SOLO HOME RUN (Flyball, 78XD, EV 108.1 MPH), Distance : 405 ft
|
Pitching: RHP Chris Close
|
|
Batting: RHB Blake Beale
|
0-0: Ball 1-0: Called Strike 1-1: Called Strike 1-2: Ball 2-2: SINGLE (Groundball, 56D, EV 100.6 MPH)
|
Batting: RHB Carlos Ballesteros
|
0-0: DOUBLE (Line Drive, 5D, EV 96.2 MPH) Blake Beale to third
|
Batting: RHB Franklin Villanueva
|
0-0: Ground out 5-3 (Groundball, 56, EV 96.9 MPH)
|
Top of the 4th over - 2 runs, 4 hits, 0 errors, 2 left on base; Mobile 6 - Harrisburg 0 |
BOTTOM OF THE 4TH |
Harrisburg Senators batting - Pitching for Mobile BayBears : RHP Reynaldo Edwards
|
Batting: RHB Pat Drader
|
0-0: Ball 1-0: Foul Ball, location: 2F 1-1: DOUBLE (Line Drive, 9LM, EV 106.9 MPH)
|
Batting: RHB Antonio Laurel
|
0-0: Ground out 6-3 (Groundball, 6, EV 108.8 MPH)
|
Batting: RHB Donovan Auclair
|
0-0: Ball 1-0: Called Strike 1-1: Ground out 5-3 (Groundball, 56, EV 85.0 MPH)
|
Batting: LHB Evan Oliveri
|
0-0: Ball 1-0: Ball 2-0: Foul Ball, location: 2F 2-1: Hit by Pitch
|
Batting: RHB Nick Moreno
|
0-0: Ball 1-0: Fielders Choice at 2nd, 6-4 (Groundball, 56, EV 82.5 MPH)
|
Bottom of the 4th over - 0 runs, 1 hit, 0 errors, 2 left on base; Mobile 6 - Harrisburg 0 |
TOP OF THE 5TH |
Mobile BayBears batting - Pitching for Harrisburg Senators : RHP Chris Close
|
Batting: RHB Andy Cunningham
|
0-0: Ground out 4-3 (Groundball, 4, EV 88.8 MPH)
|
Batting: RHB Yasuo Nakata
|
0-0: Ground out 5-3 (Groundball, 56, EV 106.2 MPH)
|
Batting: RHB Edgar Garcia
|
0-0: DOUBLE (Line Drive, 89D, EV 113.1 MPH)
|
Batting: LHB Bob Myers
|
0-0: Called Strike 0-1: Called Strike 0-2: 2-RUN HOME RUN (Flyball, 89XD, EV 99.4 MPH), Distance : 392 ft
|
Batting: RHB Dustin Clark
|
0-0: Ball 1-0: Ball 2-0: Ground out 4-3 (Groundball, 4M, EV 87.5 MPH)
|
Top of the 5th over - 2 runs, 2 hits, 0 errors, 0 left on base; Mobile 8 - Harrisburg 0 |
BOTTOM OF THE 5TH |
Harrisburg Senators batting - Pitching for Mobile BayBears : RHP Reynaldo Edwards
|
Batting: RHB Bryan Wheeler
|
0-0: Called Strike 0-1: Ball 1-1: Foul Ball, location: 2F 1-2: Foul Ball, location: 2F 1-2: Strikes out swinging
|
Batting: LHB Nate Melendez
|
0-0: Foul Ball, location: 2F 0-1: Ground out 4-3 (Groundball, 4, EV 104.4 MPH)
|
Batting: RHB Naofumi Ishida
|
0-0: Ball 1-0: Ball 2-0: Ball 3-0: Called Strike 3-1: Called Strike 3-2: Foul Ball, location: 2F 3-2: Foul Ball, location: 2F 3-2: Fly out, F8 (Flyball, 8RM, EV 89.4 MPH)
|
Bottom of the 5th over - 0 runs, 0 hits, 0 errors, 0 left on base; Mobile 8 - Harrisburg 0 |
TOP OF THE 6TH |
Mobile BayBears batting - Pitching for Harrisburg Senators : RHP Chris Close
|
Batting: LHB T.J. Duvall
|
0-0: Fly out, F8 (Flyball, 8LS, EV 87.5 MPH)
|
Batting: RHB Blake Beale
|
0-0: Foul Ball, location: 2F 0-1: Fly out, F9 (Flyball, 89S, EV 86.2 MPH)
|
Batting: RHB Carlos Ballesteros
|
0-0: Called Strike 0-1: Ball 1-1: Ball 2-1: Foul Ball, location: 2F 2-2: Strikes out looking
|
Top of the 6th over - 0 runs, 0 hits, 0 errors, 0 left on base; Mobile 8 - Harrisburg 0 |
BOTTOM OF THE 6TH |
Harrisburg Senators batting - Pitching for Mobile BayBears : RHP Reynaldo Edwards
|
Batting: SHB Dan Castaneda
|
0-0: Ball 1-0: Fly out, F8 (Flyball, 78D, EV 76.2 MPH)
|
Batting: RHB Pat Drader
|
0-0: Ball 1-0: Foul Ball, location: 2F 1-1: Foul Ball, location: 2F 1-2: SINGLE (Groundball, 56D, EV 101.9 MPH) (infield hit)
|
Batting: RHB Antonio Laurel
|
0-0: Called Strike Pat Drader steals 2nd base (no throw) 0-1: Hit by Pitch
|
Batting: RHB Donovan Auclair
|
0-0: Called Strike 0-1: Fly out, F8 (Flyball, 8LD, EV 87.5 MPH)
|
Batting: LHB Evan Oliveri
|
0-0: Ball 1-0: Ground out 1-3 (Groundball, 13S, EV 67.5 MPH)
|
Bottom of the 6th over - 0 runs, 1 hit, 0 errors, 2 left on base; Mobile 8 - Harrisburg 0 |
TOP OF THE 7TH |
Mobile BayBears batting - Pitching for Harrisburg Senators : RHP Chris Close
|
Batting: RHB Franklin Villanueva
|
0-0: DOUBLE (Flyball, 8LXD, EV 101.2 MPH)
|
Pinch Hitting: RHB Steve Machol
|
0-0: Called Strike 0-1: Called Strike 0-2: Strikes out looking
|
Batting: RHB Yasuo Nakata
|
0-0: Ball 1-0: Swinging Strike 1-1: Ball 2-1: Swinging Strike 2-2: Ball 3-2: Strikes out swinging
|
Batting: RHB Edgar Garcia
|
0-0: Called Strike 0-1: Foul Ball, location: 2F 0-2: Ball 1-2: Foul Ball, location: 2F 1-2: Foul Ball, location: 2F 1-2: Ground out 5-3 (Groundball, 15, EV 86.2 MPH)
|
Top of the 7th over - 0 runs, 1 hit, 0 errors, 1 left on base; Mobile 8 - Harrisburg 0 |
BOTTOM OF THE 7TH |
Harrisburg Senators batting - Pitching for Mobile BayBears : RHP Reynaldo Edwards
|
Now in CF: Jeff Densmore
|
|
Batting: RHB Nick Moreno
|
0-0: Called Strike 0-1: Called Strike 0-2: Strikes out looking
|
Batting: RHB Bryan Wheeler
|
0-0: Ball 1-0: Ball 2-0: Foul Ball, location: 2F 2-1: Swinging Strike 2-2: Ground out 4-3 (Groundball, 4D, EV 107.5 MPH)
|
Batting: LHB Nate Melendez
|
0-0: Called Strike 0-1: Ball 1-1: Ground out U3 (Groundball, 3, EV 76.2 MPH)
|
Bottom of the 7th over - 0 runs, 0 hits, 0 errors, 0 left on base; Mobile 8 - Harrisburg 0 |
TOP OF THE 8TH |
Mobile BayBears batting - Pitching for Harrisburg Senators : RHP Chris Close
|
Pinch Hitting: RHB Will Washburn
|
0-0: Ball 1-0: Ball 2-0: Ball 3-0: Base on Balls
|
Batting: RHB Dustin Clark
|
0-0: Called Strike 0-1: Ball 1-1: Ball 2-1: Called Strike 2-2: Strikes out swinging
|
Batting: LHB T.J. Duvall
|
0-0: Called Strike 0-1: Foul Ball, location: 2F 0-2: Ball 1-2: Ball 2-2: Ball 3-2: Base on Balls Will Washburn to second
|
Batting: RHB Blake Beale
|
0-0: Swinging Strike 0-1: Called Strike 0-2: Ball 1-2: Grounds into double play, 5-4-3 (Groundball, 56S, EV 81.9 MPH)
|
Top of the 8th over - 0 runs, 0 hits, 0 errors, 1 left on base; Mobile 8 - Harrisburg 0 |
BOTTOM OF THE 8TH |
Harrisburg Senators batting - Pitching for Mobile BayBears : RHP Reynaldo Edwards
|
Now in RF: Will Washburn
|
|
Batting: RHB Naofumi Ishida
|
0-0: Swinging Strike 0-1: Called Strike 0-2: Ball 1-2: Ball 2-2: Foul Ball, location: 2F 2-2: Fly out, F8 (Flyball, 8LS, EV 95.6 MPH)
|
Batting: SHB Dan Castaneda
|
0-0: Ground out 5-3 (Groundball, 15, EV 88.1 MPH)
|
Batting: RHB Pat Drader
|
0-0: Called Strike 0-1: Ball 1-1: Ball 2-1: Ground out U3 (Groundball, 3, EV 85.0 MPH)
|
Bottom of the 8th over - 0 runs, 0 hits, 0 errors, 0 left on base; Mobile 8 - Harrisburg 0 |
TOP OF THE 9TH |
Mobile BayBears batting - Pitching for Harrisburg Senators : RHP Chris Close
|
Batting: RHB Carlos Ballesteros
|
0-0: Ball 1-0: Called Strike 1-1: Ground out 6-3 (Groundball, 6, EV 81.9 MPH)
|
Batting: RHB Franklin Villanueva
|
0-0: Ground out 5-3 (Groundball, 25, EV 92.5 MPH)
|
Pinch Hitting: LHB Enrique Andrade
|
0-0: Ball 1-0: Called Strike 1-1: Fly out, F7 (Flyball, 78D, EV 100.6 MPH)
|
Top of the 9th over - 0 runs, 0 hits, 0 errors, 0 left on base; Mobile 8 - Harrisburg 0 |
BOTTOM OF THE 9TH |
Harrisburg Senators batting - Pitching for Mobile BayBears : RHP Reynaldo Edwards
|
Now in CF: Enrique Andrade
|
|
Batting: RHB Antonio Laurel
|
0-0: Ball 1-0: Ball 2-0: Ground out 6-3 (Groundball, 56, EV 82.5 MPH)
|
Batting: RHB Donovan Auclair
|
0-0: Fly out, F4 (Popup, 13S, EV 88.1 MPH)
|
Pinch Hitting: RHB Paul Shell
|
0-0: Called Strike 0-1: Ball 1-1: Ball 2-1: Swinging Strike 2-2: Foul Ball, location: 2F 2-2: Foul Ball, location: 2F 2-2: TRIPLE (Line Drive, 9LD, EV 105.6 MPH)
|
Pitching: RHP Troy DiFiore
|
|
Batting: RHB Nick Moreno
|
0-0: Ground out 6-3 (Groundball, 6, EV 83.1 MPH)
|
Bottom of the 9th over - 0 runs, 1 hit, 0 errors, 1 left on base; Mobile 8 - Harrisburg 0 |
|